 Dungeon Crawl Stone Soup version 0.30-a0-691-g754fce4c43 (webtiles) character file.

Game seed: 16028724705057470101

1002 Strat the Cudgeller (level 8, 0/43 (48) HPs)
             Began as a Gargoyle Reaver on Jan 19, 2023.
             Slain by a gnoll
             ... wielding a +0 spear
             ... led by a gnoll bouda
              (8 damage)
             ... on level 6 of the Dungeon on Jan 20, 2023.
             The game lasted 00:10:01 (5231 turns).

Strat the Cudgeller (Gargoyle Reaver)               Turns: 5231, Time: 00:10:01

HP:   0/43 (48)     AC: 14    Str: 18    XL:     8   Next: 20%
MP:   11/11         EV: 11    Int: 14    God:
Gold: 374           SH:  0    Dex:  8    Spells: 5/11 levels left

rFire   . . .      SeeInvis .    a - +0 flail
rCold   . . .      Faith    .    (no shield)
rNeg    + . .      Spirit   .    r - +3 leather armour
rPois   ∞          Reflect  .    h - +0 helmet
rElec   +          Harm     .    k - +0 cloak
rCorr   +          Rampage  .    (no gloves)
Will    +....                    (no boots)
Stlth   +                        (no amulet)
HPRegen 0.27/turn                n - ring of resist corrosion
MPRegen 0.12/turn                t - ring of willpower

@: heavily drained
A: sickness immunity, AC +5, negative energy resistance 1, electricity
resistance, torment resistance 1, petrification resistance
a: no special abilities


You were on level 6 of the Dungeon.
You visited 1 branch of the dungeon, and saw 6 of its levels.
You also visited: Ossuary.

You collected 374 gold pieces.

Inventory:

Hand Weapons
 a - a +0 flail (weapon)
 m - a +0 mace
Missiles
 o - 6 javelins
Armour
 b - a +0 leather armour
 h - a +0 helmet (worn)
 k - a +0 cloak (worn)
 r - a +3 leather armour (worn)
 u - a +0 kite shield
Jewellery
 n - a ring of resist corrosion (left hand)
 t - a ring of willpower (right hand)
Wands
 v - a wand of mindburst (9)
Scrolls
 e - a scroll of magic mapping
Potions
 c - 2 potions of lignification
 d - 3 potions of brilliance
 f - 2 potions of resistance
 g - 2 potions of flight
 i - 6 potions of curing
 j - 2 potions of degeneration
 l - 2 potions of might
 p - 5 potions of mutation
 q - a potion of berserk rage {unknown}
 s - a potion of heal wounds {unknown}


   Skills:
 - Level 4.0 Fighting
 * Level 7.2 Maces & Flails
 + Level 2.3 Armour
 - Level 1.5 Dodging
 - Level 2.0 Spellcasting
 - Level 3.2 Conjurations
 + Level 4.9 Ice Magic


You had 5 spell levels left.
You knew the following spells:

 Your Spells              Type           Power      Damage    Failure   Level
a - Kiss of Death         Conj/Necr      24%        2d7       14%         1
b - Momentum Strike       Conj/Tloc      12%        3d8       22%         2
c - Frozen Ramparts       Ice            30%        1d5       11%         3

Your spell library contained the following spells:

 Spells                   Type           Power      Damage    Failure   Level
 Freeze                   Ice            60%        1d7       3%          1
 Hailstorm                Conj/Ice       12%        3d5       16%         3
 Slow                     Hex            4%         N/A       28%         1
 Confusing Touch          Hex            1%         N/A       63%         3
 Vampiric Draining        Necr           1%         2d6       63%         3


Dungeon Overview and Level Annotations

Branches:
Dungeon (6/15)            Ossuary (visited)
 Temple: D:4-7

Altars:
Qazlal
Ru
Wu Jian
Xom

Shops:
D:1 ?(?(

Annotations:
D:2 Robin
D:3 1 runed translucent door, Orangeyouglad's ghost, amateur OgGl
D:4 Dowan


Innate Abilities, Weirdness & Mutations

You are immune to sickness and miasma.
Your stone body is resilient. (AC +5)
You are immune to poison.
You resist negative energy. (rN+)
You are resistant to electric shocks. (rElec)
You are resistant to unholy torment.
You are immune to petrification.


Message History

The gnoll is no longer moving quickly.
The gnoll completely misses you. The gnoll barely misses you.
You barely miss the gnoll.
The gnoll is severely wounded.
The gnoll closely misses you. The gnoll hits you with a +0 club.
* * * LOW HITPOINT WARNING * * *
You hit the gnoll.
The gnoll is almost dead.
The gnoll completely misses you. The gnoll misses you.
You sock the gnoll!
You kill the gnoll!
The gnoll barely misses you.
You sock the gnoll!
The gnoll is almost dead.
The gnoll hits you from afar with a +0 spear.
* * * LOW HITPOINT WARNING * * *
The gnoll hits you with a +0 whip.
* * * LOW HITPOINT WARNING * * *
You barely miss the gnoll.
The gnoll is almost dead.
The gnoll is no longer moving quickly.
The gnoll hits you but does no damage. The gnoll hits you with a +0 whip!
* * * LOW HITPOINT WARNING * * *
You sock the gnoll!
You kill the gnoll!
The gnoll hits you from afar with a +0 spear.
* * * LOW HITPOINT WARNING * * *
The gnoll closely misses you.
Items here: )))) [ †.
You hit the gnoll but do no damage. The gnoll hits you but does no damage.
You closely miss the gnoll. The gnoll hits you but does no damage.
You sock the gnoll!
The gnoll is almost dead.
You barely miss the gnoll. The gnoll hits you with a +0 spear.
* * * LOW HITPOINT WARNING * * *
The gnoll hits you but does no damage.
You sock the gnoll!
The gnoll is severely wounded.
The gnoll hits you with a +0 spear!
You die...

#....<#....#
########..##
##....##..##
#..........#
#..........#
#..........#
##.###'###.# ##.#
#.# #.#
#..###@###.#
#..'.gg.†'.##
#..#######..#
#..# ### #..#
##g#######).#
##gg........#
#.....#.##..#
#.....>....## ###
##....##..##.g$..


You could see 2 gnolls.

Vanquished Creatures
  Eustachio (D:3)
  Duvessa (D:5)
  2 elf zombies (Ossuary)
  2 scorpions
  A howler monkey (D:5)
  4 hounds
  A human zombie (Ossuary)
  A gnoll bouda (D:6)
  2 iguanas
  4 mummies (Ossuary)
  4 adders
  3 gnolls (D:6)
  A white imp (D:5)
  2 adder zombies (Ossuary)
  2 worms
  6 dart slugs
  8 orcs
  A bat (D:2)
  6 endoplasms
  3 giant cockroaches
  14 goblins
  4 hobgoblins
  8 kobolds
  3 quokkas
  11 ball pythons
  A frilled lizard (D:1)
  A gnoll zombie (Ossuary)
  2 hobgoblin zombies (Ossuary)
  A jackal zombie (Ossuary)
  A kobold zombie (Ossuary)
  2 orc zombies (Ossuary)
  6 rats
109 creatures vanquished.

Vanquished Creatures (others)
  5 dream sheep (D:3)
5 creatures vanquished.

Grand Total: 114 creatures vanquished

Notes
Turn   | Place    | Note
-------+----------+-------------------------------------------
     0 | D:1      | Strat the Gargoyle Reaver began the quest for the Orb.
     0 | D:1      | Reached XP level 1. HP: 12/12 MP: 3/3
    89 | D:1      | Reached XP level 2. HP: 9/18 MP: 5/5
    92 | D:1      | Learned a level 2 spell: Momentum Strike
   225 | D:1      | Found Qeclogac's Antique Weapon Shoppe.
   263 | D:1      | Found Gityocle's Magic Scroll Emporium.
   340 | D:1      | Found Uffuowi's Weapon Shoppe.
   446 | D:1      | Noticed an eye of devastation
   465 | D:1      | Found a faded altar of an unknown god.
   466 | D:1      | Noticed a shining eye
   466 | D:1      | Noticed a great orb of eyes
   466 | D:1      | Noticed a floating eye
   572 | D:1      | Found Jipsizxy's Magic Scroll Boutique.
   611 | D:1      | Reached XP level 3. HP: 22/22 MP: 6/6
   977 | D:2      | Reached skill level 4 in Maces & Flails
  1350 | D:2      | Reached XP level 4. HP: 26/28 MP: 7/7
  1352 | D:2      | Noticed Robin
  1804 | D:3      | Found a runed translucent door.
  1805 | D:3      | Noticed Orangeyouglad's ghost (amateur OgGl)
  1838 | D:3      | Found a stormy altar of Qazlal.
  1868 | D:3      | Noticed a dream sheep
  1868 | D:3      | Noticed a dream sheep
  1868 | D:3      | Noticed a dream sheep
  1868 | D:3      | Noticed a dream sheep
  1868 | D:3      | Noticed a dream sheep
  1868 | D:3      | Found a shimmering altar of Xom.
  1872 | D:3      | Killed a dream sheep
  1872 | D:3      | Killed a dream sheep
  1872 | D:3      | Killed a dream sheep
  1873 | D:3      | Killed a dream sheep
  1873 | D:3      | Killed a dream sheep
  2498 | D:3      | Found an ornate altar of the Wu Jian Council.
  2656 | D:4      | Learned a level 3 spell: Frozen Ramparts
  2780 | D:4      | Noticed a black bear
  2871 | D:4      | Found a sand-covered staircase.
  2881 | Ossuary  | Entered an ossuary
  2942 | Ossuary  | Reached skill level 1 in Ice Magic
  2948 | Ossuary  | Reached XP level 5. HP: 32/32 MP: 8/8
  2977 | Ossuary  | Reached skill level 5 in Maces & Flails
  2991 | Ossuary  | Reached XP level 6. HP: 24/38 MP: 9/9
  3537 | D:4      | Noticed Eustachio
  3678 | D:3      | Killed Eustachio
  3679 | D:3      | Reached skill level 6 in Maces & Flails
  3679 | D:3      | Reached XP level 7. HP: 15/43 MP: 8/10
  4149 | D:5      | Entered Level 5 of the Dungeon
  4149 | D:5      | Noticed Duvessa
  4149 | D:5      | Noticed Dowan
  4298 | D:5      | Reached skill level 1 in Armour
  4633 | D:5      | Killed Duvessa
  4634 | D:5      | Reached skill level 7 in Maces & Flails
  4634 | D:5      | Reached XP level 8. HP: 8/46 MP: 6/11
  5040 | D:6      | Found a sacrificial altar of Ru.
  5231 | D:6      | Slain by a gnoll

Illustrated notes

Levels and vault maps discovered:
D:1:      spicycebolla_arrival_xxxplode, layout_basic, serial_shops,
          nicolae_shop_behind_doors, shop_statue, shop,
          nicolae_shop_bloodbath_and_beyond,
          hellmonk_ecumenical_altar_watching_god, st_stairs_8
D:2:      layout_basic, uniq_robin
D:3:      layout_loops_corners, pdpol_wu_jian_five_deadly_venoms,
          grunt_qazlal_clouds, kb_xom_exploding_sheep,
          hellmonk_ghost_happy_afterlife, serial_forest,
          infiniplex_forest_clump_long, infiniplex_forest_lined_room_2,
          infiniplex_forest_clump_curved, infiniplex_forest_zigzag_2,
          infiniplex_forest_clump_diagonal, infiniplex_forest_lined_2,
          infiniplex_forest_pool, grunt_decor_mini_mirrors
D:4:      layout_gridville, portal_sewer_entry_b, enter_ossuary_5,
          kennysheep_generic_room_8, uniq_eustachio
D:5:      layout_basic, uniq_duvessa
D:6:      layout_gridville, nicolae_overflow_crystal_walls, lemuel_doored_altar,
          serial_shops, kennysheep_little_box, uniq_pikel

Skill      XL: |  1  2  3  4  5  6  7  8 |
---------------+-------------------------+-----
Fighting       | 3 4 |  4.0
Maces & Flails | 4 5 6 7 |  7.2
Ice Magic      | 1 2 4 |  4.9
Armour         | 1 2 |  2.3
Dodging        | |  1.5
Spellcasting   | |  2.0
Conjurations   | |  3.2

Action                   |  1- 3 |  4- 6 |  7- 9 || total
-------------------------+-------+-------+-------++-------
Melee: Mace              |    94 |       |       ||    94
       Punch             |     2 |     1 |     2 ||     5
       Flail             |    28 |   206 |   158 ||   392
 Cast: Kiss of Death     |       |     1 |     2 ||     3
       Frozen Ramparts   |       |     1 |       ||     1
       Momentum Strike   |       |       |     1 ||     1
Evoke: Wand              |       |       |     1 ||     1
  Use: Scroll            |       |    13 |     4 ||    17
Armor: Leather armour    |    34 |   131 |    73 ||   238
Dodge: Dodged            |    67 |   173 |    95 ||   335

Table legend: (Time is in decaauts)
 A = Elapsed time spent in this place.
 B = Non-inter-level travel time spent in this place.
 C = Inter-level travel time spent in this place.
 D = Time resting spent in this place.
 E = Time spent auto-exploring this place.
 F = Levels seen in this place.
 G = Mean time per level.
                   A        B        C        D        E       F      G
               +--------+--------+--------+--------+--------+-----+--------+
         Total |   5301 |   5159 |    142 |    596 |   3207 |   7 |  757.3 |
       Dungeon |   4884 |   4742 |    142 |    596 |   2967 |   6 |  814.0 |
       Ossuary |    417 |    417 |      0 |      0 |    240 |   1 |  417.0 |
               +--------+--------+--------+--------+--------+-----+--------+

Top non-repeatable levels by time:
     D:3: 1161 daAuts
     D:4: 944 daAuts
     D:2: 891 daAuts
     D:1: 855 daAuts
     D:5: 817 daAuts
 Ossuary: 417 daAuts
     D:6: 214 daAuts
